 Dungeon Crawl Stone Soup version 0.31-a0-18-gea43df2a32 (webtiles) character file.

Game seed: 6125077727410924298

53 pk666 the Magician (level 3, -1/19 HPs)
             Began as a Deep Elf Hedge Wizard on May 12, 2023.
             Slain by a gnoll
             ... wielding a +0 whip
              (5 damage)
             ... on level 2 of the Dungeon.
             The game lasted 00:03:57 (1661 turns).

pk666 the Magician (Deep Elf Hedge Wizard)          Turns: 1661, Time: 00:03:59

Health: -1/19      AC:  3    Str:  7    XL:     3   Next: 64%
Magic:  2/11       EV: 12    Int: 20    God:
Gold:   40         SH:  0    Dex: 14    Spells: 9/12 levels left

rFire   . . .        a - +0 dagger
rCold   . . .        (no shield)
rNeg    . . .        b - +0 robe
rPois   .            c - +0 hat
rElec   .            n - +0 cloak
rCorr   .            (no gloves)
SInv    .            (no boots)
Will    .....        (no amulet)
Stlth   ++           (no ring)
HPRegen 0.23/turn    (no ring)
MPRegen 0.12/turn

%: no passive effects
@: no status effects
A: no striking features
a: no special abilities


You were on level 2 of the Dungeon.
You visited 1 branch of the dungeon, and saw 2 of its levels.

You collected 40 gold pieces.

Inventory:

Hand Weapons
 a - a +0 dagger (weapon)
Armour
 b - a +0 robe (worn)
 c - a +0 hat (worn)
 n - a +0 cloak (worn)
Jewellery
 j - a ring of flight
 o - an amulet of guardian spirit
Scrolls
 e - 2 scrolls of fear {unknown}
 f - a scroll of identify {unknown}
 h - a scroll of fog {unknown}
 i - a scroll of brand weapon {unknown}
 m - a scroll of enchant armour {unknown}
Potions
 d - a potion of magic
 g - a potion of lignification {unknown}
 k - a potion of invisibility {unknown}
 l - a potion of mutation {unknown}


   Skills:
 - Level 2.4 Dodging
 - Level 2.4 Stealth
 + Level 5.2 Spellcasting
 + Level 2.4 Conjurations
 - Level 1.1 Summonings
 + Level 2.3 Translocations


You had 9 spell levels left.
You knew the following spells:

 Your Spells              Type           Power      Damage    Failure   Level
a - Magic Dart            Conj           56%        1d5       4%          1
b - Blink                 Tloc           28%        N/A       6%          2

Your spell library contained the following spells:

 Spells                   Type           Power      Damage    Failure   Level
 Call Imp                 Summ           18%        N/A       11%         2
 Slow                     Hex            20%        N/A       12%         1
 Cigotuvi's Dreadful Rot  Necr/Pois/Air  10%        N/A       17%         2
 Mephitic Cloud           Conj/Pois/Air  8%         N/A       24%         3


Dungeon Overview and Level Annotations

Branches:
Dungeon (2/15)

Altars:


Message History

Aim: a gnoll, wielding a +0 whip and wearing a +0 leather armour (moderately wounded, 100% to hit)
The magic dart hits the gnoll but does no damage.
The gnoll is moderately wounded.
A frilled lizard comes into view.
The gnoll closely misses you.
Casting: Magic Dart (safe; 4% risk of failure)
Confirm with . or Enter, or press ? or * to list all spells.
Aiming: Magic Dart (safe; 4% risk of failure)
Press: ? - help, Shift-Dir - straight line, f/p - gnoll
Aim: a gnoll, wielding a +0 whip and wearing a +0 leather armour (moderately wounded, 100% to hit)
The magic dart hits the gnoll but does no damage.
The gnoll is moderately wounded.
The frilled lizard hisses angrily.
The gnoll barely misses you.
Casting: Magic Dart (safe; 4% risk of failure)
Confirm with . or Enter, or press ? or * to list all spells.
Aiming: Magic Dart (safe; 4% risk of failure)
Press: ? - help, Shift-Dir - straight line, f/p - gnoll
Aim: a gnoll, wielding a +0 whip and wearing a +0 leather armour (moderately wounded, 100% to hit)
The magic dart hits the gnoll.
The gnoll is moderately wounded.
The gnoll hits you with a +0 whip.
Casting: Magic Dart (safe; 4% risk of failure)
Confirm with . or Enter, or press ? or * to list all spells.
Aiming: Magic Dart (safe; 4% risk of failure)
Press: ? - help, Shift-Dir - straight line, f/p - gnoll
Aim: a gnoll, wielding a +0 whip and wearing a +0 leather armour (moderately wounded, 100% to hit)
The magic dart hits the gnoll but does no damage.
The gnoll is moderately wounded.
The gnoll hits you with a +0 whip!
* * * LOW HITPOINT WARNING * * *
Casting: Magic Dart (safe; 4% risk of failure)
Confirm with . or Enter, or press ? or * to list all spells.
Aiming: Magic Dart (safe; 4% risk of failure)
Press: ? - help, Shift-Dir - straight line, f/p - gnoll
Aim: a gnoll, wielding a +0 whip and wearing a +0 leather armour (moderately wounded, 100% to hit)
The magic dart hits the gnoll but does no damage.
The gnoll is moderately wounded.
The gnoll hits you with a +0 whip.
You die...

#...#.# #...#.# .. ...
..#... ## ... ........#
..... .. ....
.......###...#.## .....
......#........ .....
.....#)#.g.# ...#
......#@# ...#
####..#....#
†..####)...###..##
.#...............####..
.##.##.#######.........
###.....####....#####..
......#.)........#
........<####..#.#
....(.#####......#


You could see a gnoll.

Vanquished Creatures
  2 gnolls
  A worm (D:2)
  5 bats
  3 endoplasms
  2 giant cockroaches
  6 goblins
  A hobgoblin (D:1)
  2 kobolds
  2 ball pythons (D:1)
  A frilled lizard (D:1)
  6 rats
31 creatures vanquished.

Notes
Turn   | Place    | Note
-------+----------+-------------------------------------------
     0 | D:1      | pk666 the Deep Elf Hedge Wizard began the quest for the
                  | Orb.
     0 | D:1      | Reached XP level 1. HP: 10/10 MP: 7/7
   459 | D:1      | Reached XP level 2. HP: 15/15 MP: 7/9
   462 | D:1      | Learned a level 2 spell: Blink
  1056 | D:1      | Reached XP level 3. HP: 9/19 MP: 4/11
  1154 | D:2      | Reached skill level 5 in Spellcasting
  1661 | D:2      | Slain by a gnoll

Illustrated notes

Levels and vault maps discovered:
D:1:      minmay_arrival_statue_studded, layout_basic, serial_rivers,
          chequers_serial_rivers_marsh, chequers_serial_rivers_micro_c,
          chequers_serial_rivers_micro_e, chequers_serial_rivers_micro_e,
          chequers_serial_rivers_small_a
D:2:      layout_rooms, kennysheep_boxes, uniq_robin

Skill      XL: |  1  2  3 |
---------------+----------+-----
Conjurations   | 2 |  2.4
Translocations | 2 |  2.3
Spellcasting   | 5 |  5.2
Dodging        | |  2.4
Stealth        | |  2.4
Summonings     | |  1.1

Action                     || total
---------------------------++-------
  Melee: Dagger            ||     1
   Cast: Magic Dart        ||    91
 Armour: Robe              ||     1
  Dodge: Dodged            ||    14

Table legend: (Time is in decaauts)
 A = Elapsed time spent in this place.
 B = Non-inter-level travel time spent in this place.
 C = Inter-level travel time spent in this place.
 D = Time resting spent in this place.
 E = Time spent auto-exploring this place.
 F = Levels seen in this place.
 G = Mean time per level.
                   A        B        C        D        E       F      G
               +--------+--------+--------+--------+--------+-----+--------+
         Total |   1665 |   1620 |     45 |    592 |    806 |   2 |  832.5 |
       Dungeon |   1665 |   1620 |     45 |    592 |    806 |   2 |  832.5 |
               +--------+--------+--------+--------+--------+-----+--------+

Top non-repeatable levels by time:
     D:1: 1116 daAuts
     D:2: 549 daAuts
